 Dungeon Crawl Stone Soup version 0.31-a0-204-g7da18cac08 (webtiles) character file.

Game seed: 7954015857512292300

458 mobinator the Slasher (level 6, -3/47 HPs)
             Began as a Demonspawn Monk on June 27, 2023.
             Was a Believer of Cheibriados.
             Slain by a gnoll
             ... wielding a +0 spear
             ... led by a gnoll bouda
              (6 damage)
             ... on level 5 of the Dungeon.
             The game lasted 00:13:21 (3406 turns).

mobinator the Slasher (Demonspawn Monk)             Turns: 3406, Time: 00:13:22

Health: -3/47      AC: 13    Str: 18    XL:     6   Next: 77%
Magic:  5/6        EV:  6    Int: 15    God:    Cheibriados [**....]
Gold:   207        SH:  0    Dex: 19    Spells: 5/5 levels left

rFire   + . .        a - +0 falchion
rCold   . . .        d - orb {light}
rNeg    . . .        k - +1 plate armour {rF+}
rPois   .            (helmet restricted)
rElec   .            (no cloak)
rCorr   .            (no gloves)
SInv    .            e - +0 pair of boots
Will    .....        (no amulet) Stlth
                     (no ring)
HPRegen 0.27/turn    (no ring)
MPRegen 0.10/turn

%: no passive effects
@: glowing, very slow
A: horns 2, powered by death 1, weakness stinger 1
a: Renounce Religion, Bend Time


You were on level 5 of the Dungeon.
You worshipped Cheibriados.
Cheibriados was pleased with you.
You visited 2 branches of the dungeon, and saw 6 of its levels.

You collected 207 gold pieces.

Inventory:

Hand Weapons
 a - a +0 falchion (weapon)
 l - a +0 dagger
Missiles
 v - 5 silver javelins (quivered)
Armour
 b - a +0 robe
 d - an orb of light (worn)
 e - a +0 pair of boots (worn)
 k - a +1 plate armour of fire resistance (worn)
Jewellery
 p - a ring of willpower
 q - a ring of magical power
 y - the ring of Rera {Will+ SInv}
   (You found it on level 5 of the Dungeon)

   [ring of willpower]

   SInv:      It lets you see invisible.
   Will:      It increases your willpower.
Scrolls
 i - 2 scrolls of noise {unknown}
 j - a scroll of teleportation
 m - a scroll of poison {unknown}
 r - a scroll of enchant armour {unknown}
 s - a scroll of fog {unknown}
 t - a scroll of acquirement {unknown}
 u - a scroll of identify {unknown}
 x - a scroll of enchant weapon {unknown}
Potions
 c - a potion of ambrosia
 f - 3 potions of might {unknown}
 g - a potion of berserk rage {unknown}
 h - a potion of curing
 n - a potion of lignification {unknown}
 o - 2 potions of heal wounds {unknown}
 w - a potion of brilliance {unknown}


   Skills:
 - Level 3.0 Fighting
 * Level 6.2 Long Blades
 + Level 3.1 Armour
 - Level 2.6 Dodging


You had 5 spell levels left.
You didn't know any spells.
Your spell library contained the following spells:

 Spells                   Type           Power      Damage    Failure   Level
 Ensorcelled Hibernation  Hex/Ice        0%         N/A       100%        2
 Passwall                 Tmut/Erth      0%         N/A       100%        2
 Swiftness                Air            0%         N/A       100%        3


Dungeon Overview and Level Annotations

Branches:
Dungeon (5/15)             Temple (1/1) D:4

Altars:
Ashenzari
Cheibriados
Dithmenos
Fedhas
Gozag
Hepliaklqana
Kikubaaqudgha
Makhleb
Nemelex Xobeh
Okawaru
Ru
Sif Muna
Uskayaw
Vehumet
Wu Jian
Xom
Yredelemnul


Innate Abilities, Weirdness & Mutations

You have a pair of horns on your head.
You regenerate a little health from kills.
You have a small tail.


Message History

The gnoll bouda is heavily wounded.
The gnoll hits you with a +0 flail!
The gnoll hits you from afar with a +0 spear.
The gnoll bouda closely misses you. The gnoll hits you but does no damage.
You slash the gnoll bouda! You headbutt the gnoll bouda.
You kill the gnoll bouda!
Cheibriados appreciates the change of pace.
The gnoll is no longer moving quickly.
The gnoll hits you but does no damage. The gnoll barely misses you.
The gnoll hits you but does no damage.
You hit the gnoll but do no damage. You tail-slap the gnoll.
The gnoll is heavily wounded.
The gnoll barely misses you.
The gnoll hits you from afar with a +0 spear.
The gnoll closely misses you.
You hit the gnoll but do no damage.
The gnoll is heavily wounded.
The gnoll hits you with a +0 flail.
The gnoll hits you from afar with a +0 spear.
The gnoll hits you but does no damage.
You hit the gnoll but do no damage.
The gnoll is heavily wounded.
The gnoll hits you with a +0 flail!
* * * LOW HITPOINT WARNING * * *
The gnoll hits you from afar with a +0 spear!
* * * LOW HITPOINT WARNING * * *
The gnoll hits you but does no damage.
You feel better.
The gnoll is no longer moving quickly.
The gnoll hits you but does no damage. x3
You hit the gnoll. You tail-slap the gnoll.
The gnoll is almost dead.
The gnoll hits you with a +0 flail.
* * * LOW HITPOINT WARNING * * *
The gnoll hits you from afar with a +0 spear.
* * * LOW HITPOINT WARNING * * *
The gnoll hits you from afar with a +0 spear.
* * * LOW HITPOINT WARNING * * *
Okay, then.
The gnoll hits you but does no damage.
The gnoll hits you from afar with a +0 spear.
You die...

#### ##+#######
#.... #.........
#....##.........
#...ggg@........
#....#).........
#... #.#'######+
#.. #.#.# ...
#.#.# .. #.#.#
#.# . #.#.# #.#
#.#.# #.# #.#.#
#.#


You could see 3 gnolls.

Vanquished Creatures
  2 scorpions
  2 orc priests
  Jessica (D:3)
  An iguana (D:5)
  A gnoll bouda (D:5)
  2 orc wizards (D:5)
  5 gnolls
  3 adders (D:3)
  2 worms (D:2)
  6 orcs
  4 endoplasms
  A giant cockroach (D:4)
  8 goblins
  5 hobgoblins
  6 jackals
  A quokka (D:1)
  6 ball pythons
  7 bats
  3 frilled lizards
  6 kobolds
  7 rats
79 creatures vanquished.

Notes
Turn   | Place    | Note
-------+----------+-------------------------------------------
     0 | D:1      | mobinator the Demonspawn Monk began the quest for the Orb.
     0 | D:1      | Reached XP level 1. HP: 18/18 MP: 1/1
   332 | D:1      | Reached skill level 3 in Long Blades
   388 | D:1      | Discovered your monstrous ancestry.
   388 | D:1      | Gained mutation: You have a pair of small horns on your
                  | head. [demonic ancestry]
   388 | D:1      | Reached XP level 2. HP: 21/24 MP: 2/2
  1055 | D:2      | Gained mutation: You have a pair of horns on your head.
                  | [demonic ancestry]
  1055 | D:2      | Reached XP level 3. HP: 29/29 MP: 3/3
  1223 | D:2      | Found a hazy altar of Hepliaklqana.
  1339 | D:2      | Reached skill level 4 in Long Blades
  1826 | D:3      | Noticed Jessica
  1832 | D:3      | Killed Jessica
  1833 | D:3      | Reached skill level 1 in Armour
  1833 | D:3      | Gained mutation: You have a small tail. [demonic ancestry]
  1833 | D:3      | Reached XP level 4. HP: 26/35 MP: 4/4
  2025 | D:3      | Reached XP level 5. HP: 23/41 MP: 5/5
  2137 | D:3      | Identified the +9 sling "Ulo Ungi" {freeze, Dex+4}
  2300 | D:4      | Found a staircase to the Ecumenical Temple.
  2319 | D:4      | Reached skill level 5 in Long Blades
  2343 | Temple   | Entered the Ecumenical Temple
  2477 | Temple   | Became a worshipper of Cheibriados the Contemplative
  2477 | Temple   | Reached * piety under Cheibriados
  2477 | Temple   | Reached ** piety under Cheibriados
  3160 | D:5      | Entered Level 5 of the Dungeon
  3222 | D:5      | Gained mutation: You regenerate a little health from kills.
                  | [demonic ancestry]
  3222 | D:5      | Reached XP level 6. HP: 47/47 MP: 6/6
  3338 | D:5      | Reached skill level 6 in Long Blades
  3374 | D:5      | Identified the ring of Rera {Will+ SInv}
  3403 | D:5      | HP: 2/47 [gnoll/+0 spear[a gnoll bouda] (7)]
  3406 | D:5      | Slain by a gnoll

Illustrated notes

Levels and vault maps discovered:
D:1:      elethiomel_arrival_maze, layout_basic, nrook_mini_backslash
D:2:      layout_basic, basic_altar
D:3:      layout_rooms, uniq_jessica
D:4:      layout_rooms, minmay_temple_entry_drinking_statues,
          serial_park_tiny_1, minmay_misc_feat_five
D:5:      layout_basic, serial_shops, nicolae_shop_gibbet_a_chance,
          hangedman_minor_gate_pass
Temple:   mainiacjoe_temple_cubbyholes

Skill      XL: |  1  2  3  4  5  6 |
---------------+-------------------+-----
Long Blades    | 3 4 5 6 |  6.2
Armour         | 1 2 3 |  3.1
Fighting       | |  3.0
Dodging        | |  2.6

Action                     |  1- 3 |  4- 6 || total
---------------------------+-------+-------++-------
  Melee: Falchion          |    87 |   120 ||   207
         Headbutt          |    16 |    29 ||    45
         Tailslap          |       |    19 ||    19
 Invoke: Bend Time         |       |     2 ||     2
    Use: Potion            |     1 |     1 ||     2
         Scroll            |       |     1 ||     1
 Armour: Robe              |     9 |       ||     9
         Plate armour      |    32 |   111 ||   143
  Dodge: Dodged            |    49 |    46 ||    95

Table legend: (Time is in decaauts)
 A = Elapsed time spent in this place.
 B = Non-inter-level travel time spent in this place.
 C = Inter-level travel time spent in this place.
 D = Time resting spent in this place.
 E = Time spent auto-exploring this place.
 F = Levels seen in this place.
 G = Mean time per level.
                   A        B        C        D        E       F      G
               +--------+--------+--------+--------+--------+-----+--------+
         Total |   3768 |   3623 |    145 |    116 |   2382 |   6 |  628.0 |
       Dungeon |   3155 |   3085 |     70 |     27 |   1997 |   5 |  631.0 |
        Temple |    612 |    537 |     75 |     89 |    385 |   1 |  612.0 |
               +--------+--------+--------+--------+--------+-----+--------+

Top non-repeatable levels by time:
     D:2: 897 daAuts
     D:1: 894 daAuts
  Temple: 612 daAuts
     D:4: 530 daAuts
     D:3: 511 daAuts
     D:5: 321 daAuts
